 Dungeon Sprint DCSS version 0.30-a0-691-g754fce4c43 (webtiles) character file.

Game seed: 2927373034811464911

503 BigDaddyOpFi the Demonic Catastrophe (level 6, -4/53 HPs)
             Began as a Demonspawn Fighter on Jan 19, 2023.
             Was an Elder of Qazlal.
             Slain by an orc knight
             ... wielding a +0 battleaxe
              (7 damage)
             ... in the Dungeon (Sprint VII: "The Pits").
             The game lasted 00:01:15 (293 turns).

BigDaddyOpFi the Demonic Catastrophe (DsFi)          Turns: 293, Time: 00:01:16

Health: -4/53      AC: 15    Str: 18    XL:     6   Next: 96%
Magic:  14/14      EV:  7    Int:  9    God:    Qazlal [****..]
Gold:   0          SH: 15    Dex: 13    Spells: 5/5 levels left

rFire   . . .      SeeInvis .    a - +0 war axe
rCold   . . .      Faith    .    c - +0 buckler
rNeg    . . .      Spirit   .    f - +3 chain mail
rPois   .          Reflect  .    (no helmet)
rElec   .          Harm     .    (no cloak)
rCorr   .          Rampage  .    (no gloves)
Will    .....      NoTele   +    (no boots) Stlth
                                 (no amulet)
HPRegen 0.28/turn                (no ring)
MPRegen 0.14/turn                (no ring)

@: hasted, repel missiles, very quick
A: hooves 1, molten scales 1, condensation shield
a: Renounce Religion, Upheaval, Elemental Force


You were in the Dungeon.
You worshipped Qazlal.
Qazlal was greatly pleased with you.
You visited 1 branch

Inventory:

Hand Weapons
 a - a +0 war axe (weapon)
Armour
 c - a +0 buckler (worn)
 f - a +3 chain mail (worn)
Scrolls
 j - a scroll of blinking
Potions
 e - 6 potions of curing
 h - 4 potions of magic
 i - 3 potions of berserk rage
 k - 2 potions of invisibility
 l - 4 potions of heal wounds


   Skills:
 + Level 6.8 Fighting
 + Level 5.9 Axes
 + Level 6.2 Armour
 + Level 6.2 Shields
 * Level 10.9 Invocations


You had 5 spell levels left.
You didn't know any spells.
Your spell library was empty.

Dungeon Overview and Level Annotations

Branches:
Dungeon (1/1)

Altars:
Ashenzari
Cheibriados
Dithmenos
Fedhas
Gozag
Hepliaklqana
Kikubaaqudgha
Makhleb
Nemelex Xobeh
Okawaru
Qazlal
Ru
Sif Muna
Trog
Uskayaw
Vehumet
Wu Jian
Xom
Yredelemnul
Jiyva
Lugonu


Innate Abilities, Weirdness & Mutations

You have large cloven feet.
You are partially covered in molten scales. (AC +2)
A meltable shield of frost defends you. (SH +4)


Message History

You barely miss the orc knight.
The orc knight is lightly wounded.
The orc knight hits you with a +0 battleaxe!
You block the orc knight's attack.
You completely miss the orc knight.
You kick the orc knight, but do no damage.
The orc knight is lightly wounded.
The orc knight hits you but does no damage.
You hit the orc knight but do no damage.
The orc knight is lightly wounded.
The orc knight hits you with a +0 battleaxe!!
* * * LOW HITPOINT WARNING * * *
You feel much better. You block the orc knight's attack.
You feel yourself speed up. You block the orc knight's attack.
You closely miss the orc knight. Your kick misses the orc knight.
The orc knight is lightly wounded.
You block the orc knight's attack.
You hit the orc knight. You kick the orc knight.
The orc knight is lightly wounded.
The orc knight hits you but does no damage.
You hit the orc knight. Your kick misses the orc knight.
The orc knight is lightly wounded.
You block the orc knight's attack.
You barely miss the orc knight.
You kick the orc knight, but do no damage.
The orc knight is lightly wounded.
You hit the orc knight but do no damage.
The orc knight is lightly wounded.
The orc knight hits you with a +0 battleaxe!
You closely miss the orc knight. Your kick misses the orc knight.
The orc knight is lightly wounded.
You block the orc knight's attack.
You hit the orc knight but do no damage.
The orc knight is lightly wounded.
The orc knight hits you with a +0 battleaxe!!
* * * LOW HITPOINT WARNING * * *
You slash the orc knight!
The orc knight is moderately wounded.
The orc knight hits you with a +0 battleaxe!
You die...

#)#........##.......#
#'###########.......#
#..#.#.## #########
#.......# ##.#.#.##
#.......#+#
##.#.#.##.+
#......☼#o#
##.#.#..'@#
##########


You could see an orc knight.

Vanquished Creatures
  A floating eye (D)
  2 ice beasts (D)
  2 scorpions (D)
  A gnoll bouda (D)
  3 gnolls (D)
  2 river rats (D)
  2 adders (D)
  An ufetubus (D)
  A bat (D)
  An endoplasm (D)
  3 jackals (D)
  A quokka (D)
  A goblin (D)
21 creatures vanquished.

Notes
Turn   | Place    | Note
-------+----------+-------------------------------------------
     0 | D        | BigDaddyOpFi the Demonspawn Fighter began the quest for the
                  | Orb.
     0 | D        | Reached XP level 1. HP: 18/18 MP: 1/1
    30 | D        | Found a bloodstained altar of Trog.
    30 | D        | Found a shimmering blue altar of Sif Muna.
    30 | D        | Found a viscous altar of Jiyva.
    30 | D        | Found a hazy altar of Hepliaklqana.
    30 | D        | Found an opulent altar of Gozag.
    31 | D        | Found a basalt altar of Yredelemnul.
    31 | D        | Found a shimmering altar of Xom.
    31 | D        | Found an ornate altar of the Wu Jian Council.
    31 | D        | Found a sacrificial altar of Ru.
    31 | D        | Found a stormy altar of Qazlal.
    31 | D        | Found an iron altar of Okawaru.
    31 | D        | Found a sparkling altar of Nemelex Xobeh.
    31 | D        | Found a burning altar of Makhleb.
    31 | D        | Found a blossoming altar of Fedhas.
    31 | D        | Found a shadowy altar of Dithmenos.
    31 | D        | Found a snail-covered altar of Cheibriados.
    32 | D        | Found a radiant altar of Vehumet.
    32 | D        | Found a corrupted altar of Lugonu.
    33 | D        | Found an ancient bone altar of Kikubaaqudgha.
    33 | D        | Found a hide-covered altar of Uskayaw.
    33 | D        | Found a broken altar of Ashenzari.
    36 | D        | Became a worshipper of Qazlal Stormbringer
    74 | D        | Reached skill level 2 in Invocations
    74 | D        | Gained mutation: A meltable shield of frost defends you.
                  | (SH +4) [demonic ancestry]
    74 | D        | Reached XP level 2. HP: 24/24 MP: 1/3
   107 | D        | Reached * piety under Qazlal
   108 | D        | Reached skill level 3 in Invocations
   148 | D        | Noticed a floating eye
   152 | D        | Reached XP level 3. HP: 28/30 MP: 5/5
   153 | D        | Paralysed by a floating eye for 4 turns
   157 | D        | Reached ** piety under Qazlal
   159 | D        | Killed a floating eye
   160 | D        | Reached skill level 5 in Fighting
   160 | D        | Reached skill level 6 in Invocations
   160 | D        | Gained mutation: You have large cloven feet. [demonic
                  | ancestry]
   160 | D        | Reached XP level 4. HP: 39/39 MP: 6/9
   222 | D        | Noticed a scorpion
   223 | D        | Noticed an ice beast
   223 | D        | Noticed a scorpion
   229 | D        | Reached skill level 7 in Invocations
   229 | D        | Reached XP level 5. HP: 44/44 MP: 10/10
   232 | D        | Reached *** piety under Qazlal
   234 | D        | Reached skill level 5 in Armour
   234 | D        | Reached skill level 5 in Shields
   234 | D        | Reached skill level 8 in Invocations
   238 | D        | Reached skill level 5 in Axes
   238 | D        | Reached skill level 9 in Invocations
   238 | D        | Gained mutation: You are partially covered in molten
                  | scales. (AC +2) [demonic ancestry]
   238 | D        | Reached XP level 6. HP: 52/52 MP: 10/12
   239 | D        | Reached **** piety under Qazlal
   247 | D        | Killed an ice beast
   248 | D        | Reached skill level 10 in Invocations
   259 | D        | Noticed an ice beast
   270 | D        | Killed an ice beast
   273 | D        | Noticed an orc knight
   292 | D        | HP: 2/53 [orc knight/+0 battleaxe (20)]
   293 | D        | Slain by an orc knight

Illustrated notes

Levels and vault maps discovered:
D:        pitsprint [storerooms_1, entrance_room_1, metal_vault_2, armoury_2,
          mini_pit_1, grid_room_1, main_hall_1, silver_pit, the_coven_1,
          the_vestibule_1, steel_vault_2, golden_pit, hallway_of_sentries,
          crystal_vault_5, iron_vault_2, final_vault]

Skill      XL: |  1  2  3  4  5  6 |
---------------+-------------------+-----
Axes           | 2 4 5 |  5.9
Armour         | 3 4 5 6 |  6.2
Shields        | 3 4 5 6 |  6.2
Invocations    | 2 3 6 7 9 10 | 10.9
Fighting       | 5 6 |  6.8

Action                   |  1- 3 |  4- 6 || total
-------------------------+-------+-------++-------
Melee: War axe           |    49 |    48 ||    97
       Kick              |       |    16 ||    16
  Use: Potion            |     1 |     3 ||     4
Armor: Scale mail        |    31 |       ||    31
       Chain mail        |       |    16 ||    16
Dodge: Dodged            |    23 |     8 ||    31
Block: Buckler           |    18 |    27 ||    45

Table legend: (Time is in decaauts)
 A = Elapsed time spent in this place.
 B = Non-inter-level travel time spent in this place.
 C = Inter-level travel time spent in this place.
 D = Time resting spent in this place.
 E = Time spent auto-exploring this place.
 F = Levels seen in this place.
 G = Mean time per level.
                   A        B        C        D        E       F      G
               +--------+--------+--------+--------+--------+-----+--------+
         Total |    323 |    303 |     20 |     44 |      0 |   1 |  323.0 |
       Dungeon |    323 |    303 |     20 |     44 |      0 |   1 |  323.0 |
               +--------+--------+--------+--------+--------+-----+--------+

Top non-repeatable levels by time:
       D: 323 daAuts
